 Dungeon Crawl Stone Soup version 0.28-a0-998-gb9e9c7b67e (webtiles) character file.

Game seed: 7095349897850181928

260451 blank1 the Slayer (level 19, 0/167 HPs)
             Began as a Barachi Fighter on Dec 5, 2021.
             Was the Champion of Okawaru.
             Killed from afar by an ancient lich (63 damage)
             ... with a bolt of acid
             ... on level 1 of the Vaults on Dec 6, 2021.
             The game lasted 02:21:54 (50771 turns).

blank1 the Slayer (Barachi Fighter)                Turns: 50771, Time: 02:21:56

Health: 0/167      AC: 16    Str: 24    XL:     19   Next: 93%
Magic:  0/23       EV: 11    Int: 14    God:    Okawaru [******]
Gold:   948        SH: 19    Dex: 18    Spells: 22/22 levels left

rFire   + + +      SeeInvis +   r - +9 hand axe "Heyc" {freeze, Fly rF+ rC+}
rCold   + + .      Faith    .   R - +5 kite shield of Montaph {+Inv rF+ rN+++ Dex-3}
rNeg    + + +      Spirit   +   H - +2 crystal plate armour
rPois   +          Reflect  .   C - +0 helmet
rElec   +          Harm     .   n - scarf {rC+ rF+}
rCorr   .          Rampage  .   T - +0 pair of gloves "Webuj" {rPois rN+ Str+2 Dex+3}
Will    +....                   N - +0 pair of boots of the Griffon {Dex+5}
Stlth   ..........              U - amulet "Morul" {Spirit Regen+ Int+3}
HPRegen 1.17/turn               j - +4 ring of protection
MPRegen 0.18/turn               l - ring of see invisible

@: finesse-ful, marked, corroded, flying, slow
A: amphibious, slowness 1, strong legs 2, +LOS, fangs 1, frail 1, electricity
resistance
}: 2/15 runes: serpentine, barnacled
a: Hop, Renounce Religion, Evoke Invisibility, Heroism, Finesse, Duel


You were on level 1 of the Vaults.
You worshipped Okawaru.
Okawaru was exalted by your worship.
You visited 7 branches of the dungeon, and saw 33 of its levels.
You visited the Abyss 1 time.

You collected 3725 gold pieces.
You spent 2777 gold pieces at shops.

Inventory:

Hand Weapons
 c - a +5 scimitar of flaming
 r - the +9 hand axe "Heyc" (weapon) {freeze, Fly rF+ rC+}
   (You found it on level 5 of the Dungeon)

   It freezes those it strikes, dealing additional cold damage.
   It can also slow down cold-blooded creatures.
   rF:        It protects you from fire.
   rC:        It protects you from cold.
   Fly:       It grants you flight.
 w - the +9 short sword "Conar" {pain, rElec rPois rC+ SInv}
   (Okawaru gifted it to you on level 12 of the Dungeon)

   In the hands of one skilled in necromantic magic, it inflicts extra damage on
   living creatures.
   rC:        It protects you from cold.
   rElec:     It insulates you from electricity.
   rPois:     It protects you from poison.
   SInv:      It lets you see invisible.
 V - a +4 double sword of holy wrath
Missiles
 o - 7 throwing nets
Armour
 n - a scarf of resistance (worn)
 C - a +0 helmet (worn)
 H - a +2 crystal plate armour (worn)
 N - the +0 pair of boots of the Griffon (worn) {Dex+5}
   (You found it on level 10 of the Dungeon)

   Dex:       It affects your dexterity (+5).
 R - the +5 kite shield of Montaph (worn) {+Inv rF+ rN+++ Dex-3}
   (Okawaru gifted it to you on level 3 of the Shoals)

   Dex:       It affects your dexterity (-3).
   rF:        It protects you from fire.
   rN:        It renders you almost immune to negative energy.
   +Inv:      It lets you turn invisible.
 T - the +0 pair of gloves "Webuj" (worn) {rPois rN+ Str+2 Dex+3}
   (You bought it in a shop on level 2 of the Shoals)

   Str:       It affects your strength (+2).
   Dex:       It affects your dexterity (+3).
   rPois:     It protects you from poison.
   rN:        It protects you from negative energy.
Jewellery
 i - a ring of protection from fire
 j - a +4 ring of protection (left hand)
 l - a ring of see invisible (right hand)
 v - a +6 ring of strength
 L - a ring of resist corrosion
 U - the amulet "Morul" (around neck) {Spirit Regen+ Int+3}
   (You found it on level 4 of the Shoals)

   [amulet of guardian spirit]

   It causes incoming damage to be divided between your reserves of health and
   magic.
   Int:       It affects your intelligence (+3).
   Regen:     It increases your rate of health regeneration.
Wands
 a - a wand of iceblast (23)
 m - a wand of paralysis (17)
 q - a wand of acid (3)
 u - a wand of flame (37)
 z - a wand of digging (3)
 I - a wand of polymorph (6)
 Q - a wand of mindburst (5)
Scrolls
 b - 4 scrolls of fear
 h - 4 scrolls of enchant armour
 p - 10 scrolls of amnesia
 s - 5 scrolls of fog
 x - 5 scrolls of immolation
 y - 7 scrolls of magic mapping
 A - 3 scrolls of brand weapon
 D - 5 scrolls of teleportation
 E - 4 scrolls of vulnerability
 J - 5 scrolls of blinking
 M - 2 scrolls of torment
 S - 9 scrolls of identify
Potions
 d - 7 potions of might
 e - 2 potions of invisibility
 f - 3 potions of mutation
 g - 6 potions of heal wounds
 k - 11 potions of haste
 t - 4 potions of brilliance
 F - 7 potions of berserk rage
 G - 12 potions of curing
 K - 5 potions of lignification
 O - 2 potions of magic
 P - 2 potions of ambrosia


   Skills:
 + Level 26.2 Fighting
 - Level 5.3 Long Blades
 - Level 13.9(14.0) Axes
 - Level 2.1(9.2) Maces & Flails
 - Level 18.0 Armour
 - Level 12.0 Dodging
 - Level 2.0 Stealth
 - Level 15.0 Shields
 - Level 2.0 Spellcasting
 - Level 6.0 Invocations
 - Level 6.0 Evocations


You had 22 spell levels left.
You didn't know any spells.
Your spell library contained the following spells:

 Spells                   Type           Power      Damage    Failure   Level
 Freeze                   Ice            4%         1d3       99%         1
 Shock                    Conj/Air       4%         1d3       99%         1
 Passwall                 Tmut/Erth      0%         N/A       100%        2
 Static Discharge         Conj/Air       1%         N/A       100%        2
 Sublimation of Blood     Necr           1%         N/A       100%        2
 Wereblood                Tmut           1%         N/A       100%        2
 Frozen Ramparts          Ice            2%         1d2       100%        3
 Inner Flame              Hex/Fire       1%         N/A       100%        3
 Portal Projectile        Hex/Tloc       2%         N/A       100%        3
 Swiftness                Air            1%         N/A       100%        3
 Hailstorm                Conj/Ice       1%         3d3       100%        4
 Ice Form                 Ice/Tmut       1%         N/A       100%        4
 Leda's Liquefaction      Hex/Erth       0%         N/A       100%        4
 Petrify                  Tmut/Erth      1%         N/A       100%        4
 Sticky Flame             Conj/Fire      1%         2d3       100%        4
 Borgnjor's Vile Clutch   Necr/Erth      0%         N/A       100%        5
 Lightning Bolt           Conj/Air       0%         1d11      100%        5
 Metabolic Englaciation   Hex/Ice        0%         N/A       100%        5
 Conjure Ball Lightning   Conj/Air       0%         3x3d6     100%        6
 Starburst                Conj/Fire      0%         6d3       100%        6
 Statue Form              Tmut/Erth      0%         N/A       100%        6
 Maxwell's Capacitive Co  Air            0%         ∞         100%        8
 Call Canine Familiar     Summ           Unusable   N/A       N/A         3
 Tukima's Dance           Hex            Unusable   N/A       N/A         3
 Animate Dead             Necr           Unusable   N/A       N/A         4
 Summon Ice Beast         Ice/Summ       Unusable   N/A       N/A         4
 Death Channel            Necr           Unusable   N/A       N/A         6
 Summon Cactus Giant      Summ           Unusable   N/A       N/A         6
 Summon Hydra             Summ           Unusable   N/A       N/A         7

Dungeon Overview and Level Annotations

Branches:
Dungeon (15/15)            Temple (1/1) D:6            Lair (6/6) D:10
 Shoals (4/4) Lair:2        Snake (4/4) Lair:3        Slime (0/5) Lair:6
    Orc (2/2) D:11            Elf (0/3) Orc:2        Vaults (1/5) D:13
 Depths (0/4) D:15

Altars:
Ashenzari
Cheibriados
Elyvilon
Gozag
Hepliaklqana
Kikubaaqudgha
Makhleb
Nemelex Xobeh
Okawaru
Qazlal
Sif Muna
Uskayaw
Wu Jian
Yredelemnul
The Shining One
Jiyva

Shops:
D:6 *   Orc:1 ?[   Orc:2 *[::   Shoals:2 *   Snake:2 ((

Annotations:
D:4 3 runed translucent doors, Strewth's ghost, amateur MiBe; a11behringer's ghost, amateur DrTm; pdpol's ghost, amateur PaWr


Innate Abilities, Weirdness & Mutations

You are amphibious.
You cover ground slowly.
You can hop long distances.
You have an extended range of vision and can be seen from far away.
You have very sharp teeth.
You are frail. (-10% HP)
You are resistant to electric shocks. (rElec)


Message History

You hear some strange, mumbled words.
A crystal spear appears from out of thin air!
The crystal spear hits you!!!
* * * LOW HITPOINT WARNING * * *
You hit something. Your bite misses something.
You hit something but do no damage. You bite something.
You hit something but do no damage. You bite something.
Something touches you but does no damage.
You hit something but do no damage. You slash something!
You closely miss something. You bite something. You hit something.
Something touches you but does no damage.
You hit something but do no damage. You hit something but do no damage.
You barely miss something. You block something's attack.
You hit something but do no damage. You hit something but do no damage.
You slash something! You freeze something.
You hear some strange, mumbled words.
You feel much better.
The entropy weaver gestures at you while chanting.
The entropic weave corrodes you!
Something touches you but does no damage.
You're wearing all the rings you can.
Remove which one? (? for menu, Esc to cancel) < or
j - a +4 ring of protection; > or
v - a +6 ring of strength You remove your +6 ring of strength.
You feel weaker. Something touches you!
Reactivating autopickup.
l - a ring of see invisible (right hand) Unknown command.
You closely miss the ancient lich.
You bite the ancient lich, but do no damage.
The ancient lich is severely damaged.
You are ready to hop once more.
The ancient lich casts a spell at you. The bolt of acid hits you!!!
You die...

#.....# ...
#.###.###.#
#.#.#.#.#.#
########.#.###.#.###
#......#.....).....#
#......#.###.....###
#..>...#.#...)>....#
#......#####[....###.#
#.))...#.#..@........#
#..c...c.###L#.#.###.+
######)#####.#.#B#.#.#
........# #.#[#T#####
........# #.c.Tp#
........# #######
........# .....TT.#
........#


You could see an ancient lich (fast, invisible), an entropy weaver, an ironbound
frostheart and 2 deep trolls.

Vanquished Creatures
  Saint Roka (Snake:4)
  Rupert (D:12)
  Polyphemus (Shoals:4)
  A sphinx (Vaults:1)
  A kraken (Shoals:3)
  Frances (Shoals:2)
  Agnes (D:15)
  8 nagarajas
  The ghost of jr88keys the Tortoise, a journeyman MiFi of Ru (Orc:2)
  2 vault wardens (Vaults:1)
  2 orc warlords (Orc:1)
  4 ironbound preservers (Vaults:1)
  The ghost of oldriver the Eclecticist, a journeyman DrCj of Vehumet (Orc:2)
  Azrael (Snake:3)
  A dire elephant (D:15)
  2 entropy weavers
  Snorg (D:11)
  4 merfolk javelineers
  A yaktaur captain (Vaults:1)
  6 merfolk impalers
  3 ettins
  A fire dragon (Lair:6)
  2 vault guards (Vaults:1)
  14 naga warriors
  2 rakshasas
  2 salamander tyrants
  An ironbound thunderhulk (Vaults:1)
  Erolcha (D:13)
  3 boulder beetles
  3 catoblepae
  10 hydras
  8 centaur warriors
  A merfolk avatar (Shoals:1)
  Erica (D:9)
  A death knight (D:11)
  3 merfolk aquamancers
  5 two-headed ogres
  4 alligator snapping turtles
  10 anacondas
  2 satyrs (Shoals:4)
  5 death yaks
  An orc high priest (Orc:1)
  11 naga sharpshooters
  9 shock serpents
  The ghost of Asuyte the Slicer, a journeyman VSVM of Cheibriados (Lair:3)
  Sonja (Lair:2)
  7 salamander mystics
  2 goliath frogs (Lair:6)
  13 sea snakes
  A skeletal warrior (D:13)
  10 deep trolls (Vaults:1)
  A lindwurm (Lair:6)
  A wizard (D:15)
  12 naga ritualists
  4 orc knights
  17 harpies
  19 ugly things
  8 orc sorcerers
  11 mana vipers
  2 ironbound convokers (Vaults:1)
  3 deep elf pyromancers
  A wolf spider (D:15)
  10 cyclopes
  17 fauns
  16 salamanders
  18 manticores
  11 merfolk sirens
  14 elephants
  A torpor snail (Lair:6)
  4 water nymphs
  22 cane toads
  Maurice (D:9)
  2 molten gargoyles (Lair:4)
  47 black mambas
  A vault sentinel (Vaults:1)
  A guardian serpent (Snake:3)
  A gargoyle (D:8)
  16 naga magi
  A freezing wraith (D:14)
  7 yaktaurs
  11 rime drakes
  A kobold demonologist (D:14)
  An efreet (D:14)
  A tengu conjurer (D:13)
  10 komodo dragons
  22 merfolk
  A hornet (D:9)
  5 trolls
  2 tyrant leeches (Lair:6)
  8 wind drakes
  A raiju (shapeshifter) (D:14)
  8 snapping turtles
  34 blink frogs
  12 slime creatures
  19 dream sheep
  2 shadows
  A tarantella (Vaults:1)
  2 redbacks (Vaults:1)
  11 water elementals
  48 yaks
  A vampire (D:10)
  A human (shapeshifter) (D:13)
  16 humans
  4 wraiths
  6 fire elementals (Snake:3)
  3 wyverns
  Grum (D:10)
  3 basilisks
  19 vampire mosquitoes
  9 steam dragons (Lair:6)
  6 wargs
  Edmund (D:5)
  3 acid dragons
  34 nagas
  12 water moccasins
  An ice beast (D:7)
  3 black bears
  32 orc warriors
  4 boggarts (Vaults:1)
  8 necrophages
  26 centaurs
  10 wolves
  7 ogres
  3 kobold brigands
  Blork the orc (D:6)
  15 bullfrogs
  4 scorpions
  A wyvern zombie (D:9)
  A gnoll sergeant (D:8)
  A wyvern skeleton (D:5)
  A water moccasin zombie (D:7)
  9 wights (D:7)
  An electric eel (Lair:6)
  3 vampire bats (Lair:2)
  5 howler monkeys
  5 lava snakes (Lair:4)
  3 hounds
  5 jellies
  22 orc priests
  2 centaur zombies (D:5)
  A gnoll shaman (D:7)
  A human zombie (D:7)
  3 iguanas (D:5)
  Jessica (D:3)
  9 hell rats
  29 orc wizards
  2 killer bee zombies (D:7)
  A hound skeleton (D:4)
  A mummy (D:7)
  2 howler monkey zombies
  6 gnolls
  7 adders
  8 river rats (Lair:4)
  A shadow imp (D:7)
  2 white imps
  An ufetubus (D:6)
  An adder zombie (D:5)
  A worm (D:3)
  4 dart slugs
  91 orcs
  9 bats
  9 endoplasms
  3 giant cockroaches
  8 goblins
  5 hobgoblins
  2 jackals (D:2)
  4 quokkas
  5 ball pythons
  A frilled lizard (D:1)
  23 kobolds
  11 rats
  A bush (Lair:6)
  A fungus (Lair:6)
  2 tentacles (Shoals:3)
1196 creatures vanquished.

Vanquished Creatures (others)
  Nessos (D:13)
  2 merfolk aquamancers
  An orc wizard (Orc:2)
  4 bushes
  44 fungi
  260 plants
  6 tentacles (Shoals:3)
  2 withered plants (Orc:2)
320 creatures vanquished.

Grand Total: 1516 creatures vanquished

Notes
Turn   | Place    | Note
-------+----------+-------------------------------------------
     0 | D:1      | blank1 the Barachi Fighter began the quest for the Orb.
     0 | D:1      | Reached XP level 1. HP: 18/18 MP: 1/1
   172 | D:1      | Reached XP level 2. HP: 22/25 MP: 2/2
   302 | D:1      | Reached skill level 4 in Fighting
   542 | D:1      | Found a faded altar of an unknown god.
  1073 | D:2      | Reached XP level 3. HP: 30/30 MP: 3/3
  1722 | D:2      | Reached skill level 1 in Dodging
  1921 | D:2      | Reached XP level 4. HP: 37/37 MP: 4/4
  2273 | D:3      | Noticed Jessica
  2273 | D:3      | Found a hazy altar of Hepliaklqana.
  2615 | D:3      | Reached skill level 1 in Stealth
  2615 | D:3      | Reached XP level 5. HP: 40/42 MP: 5/5
  2633 | D:3      | Killed Jessica
  4116 | D:4      | Reached XP level 6. HP: 49/49 MP: 6/6
  4332 | D:4      | Found a runed translucent gate.
  4334 | D:4      | Found a runed translucent gate.
  4335 | D:4      | Found a runed translucent gate.
  4336 | D:4      | Noticed a11behringer's ghost (amateur DrTm)
  4336 | D:4      | Noticed Strewth's ghost (amateur MiBe)
  4337 | D:4      | Noticed pdpol's ghost (amateur PaWr)
  4636 | D:5      | Entered Level 5 of the Dungeon
  4869 | D:5      | Reached skill level 5 in Fighting
  4869 | D:5      | Reached skill level 5 in Long Blades
  4869 | D:5      | Reached skill level 5 in Armour
  4963 | D:5      | Reached XP level 7. HP: 42/56 MP: 7/7
  5311 | D:5      | Identified the +9 hand axe "Heyc" {freeze, Fly rF+ rC+}
  5660 | D:5      | Reached skill level 1 in Maces & Flails
  5802 | D:5      | Reached skill level 6 in Fighting
  5877 | D:5      | Reached skill level 1 in Axes
  6258 | D:5      | Reached XP level 8. HP: 56/64 MP: 8/8
  6404 | D:5      | Reached skill level 5 in Axes
  6622 | D:6      | Noticed Edmund
  6693 | D:5      | Reached skill level 7 in Fighting
  6703 | D:5      | Killed Edmund
  7097 | D:6      | Noticed Blork the orc
  7102 | D:6      | Killed Blork the orc
  7103 | D:6      | Reached skill level 8 in Fighting
  7108 | D:6      | Reached XP level 9. HP: 72/74 MP: 9/9
  7173 | D:6      | Found Feeczips's General Store.
  7336 | D:6      | Found a staircase to the Ecumenical Temple.
  7353 | Temple   | Entered the Ecumenical Temple
  7364 | Temple   | Became a worshipper of Warmaster Okawaru
  8050 | D:7      | Reached skill level 9 in Fighting
  8185 | D:7      | Reached * piety under Okawaru
  8233 | D:7      | Found a snail-covered altar of Cheibriados.
  8339 | D:7      | Reached skill level 1 in Invocations
  8463 | D:7      | Reached skill level 10 in Fighting
  8522 | D:7      | Found an ancient bone altar of Kikubaaqudgha.
  8720 | D:7      | Reached ** piety under Okawaru
  8785 | D:7      | Reached XP level 10. HP: 80/85 MP: 12/12
  9258 | D:8      | Reached *** piety under Okawaru
  9269 | D:8      | Reached skill level 11 in Fighting
  9496 | D:8      | Found a burning altar of Makhleb.
  9691 | D:8      | Noticed a two-headed ogre
  9697 | D:8      | Killed a two-headed ogre
  9697 | D:8      | Reached **** piety under Okawaru
  9698 | D:8      | Reached skill level 12 in Fighting
 10130 | D:9      | Noticed a gargoyle
 10147 | D:8      | Killed a gargoyle
 10148 | D:8      | Reached XP level 11. HP: 60/96 MP: 8/13
 10304 | D:9      | Reached skill level 10 in Armour
 10560 | D:9      | Noticed Maurice
 10571 | D:9      | Killed Maurice
 10572 | D:9      | Reached skill level 13 in Fighting
 10759 | D:9      | Noticed Erica
 10775 | D:9      | Killed Erica
 11305 | D:9      | Found a stormy altar of Qazlal.
 11305 | D:9      | Found a white marble altar of Elyvilon.
 11347 | D:9      | Reached skill level 5 in Dodging
 11347 | D:9      | Reached skill level 5 in Shields
 11856 | D:10     | Entered Level 10 of the Dungeon
 11964 | D:10     | Reached ***** piety under Okawaru
 12014 | D:10     | Found a staircase to the Lair.
 12089 | D:10     | Noticed a cyan ugly thing
 12105 | D:10     | Killed a cyan ugly thing
 12547 | D:10     | Noticed Grum
 12585 | D:10     | Killed Grum
 12676 | D:10     | Identified the +0 pair of boots of the Griffon {Dex+5}
 12975 | Lair:1   | Entered Level 1 of the Lair of Beasts
 13093 | Lair:1   | Identified the +1 pair of boots of Ulyrgh {rC+} (Okawaru
                  | gifted it to you on level 1 of the Lair of Beasts)
 13093 | Lair:1   | Received a gift from Okawaru
 13421 | Lair:1   | Noticed a seven-headed hydra
 13438 | Lair:1   | Killed a one-headed hydra
 13439 | Lair:1   | Reached skill level 14 in Fighting
 13439 | Lair:1   | Reached XP level 12. HP: 89/107 MP: 10/15
 13628 | Lair:1   | Noticed a four-headed hydra
 13638 | Lair:1   | Killed a one-headed hydra
 14427 | Lair:2   | Noticed a death yak
 14428 | Lair:2   | Noticed a death yak
 14460 | Lair:1   | Killed a death yak
 14637 | Lair:2   | Noticed a death yak
 14676 | Lair:1   | Killed a death yak
 14867 | Lair:2   | Killed a death yak
 15137 | Lair:2   | Noticed Sonja
 15147 | Lair:2   | Killed Sonja
 15147 | Lair:2   | Received a gift from Okawaru
 15390 | Lair:2   | Found a staircase to the Shoals.
 15815 | Shoals:1 | Entered Level 1 of the Shoals
 15978 | Lair:3   | Reached skill level 15 in Fighting
 16340 | Lair:3   | You are sucked into a shaft and drop 3 floors!
 16340 | Lair:6   | Entered Level 6 of the Lair of Beasts
 16394 | Lair:5   | Gained mutation: You can hop long distances. [Barachi
                  | growth]
 16394 | Lair:5   | Reached XP level 13. HP: 56/116 MP: 11/16
 16674 | Lair:4   | Reached skill level 16 in Fighting
 17117 | Lair:4   | Received a gift from Okawaru
 17130 | Lair:4   | Reached skill level 5 in Invocations
 17159 | Lair:4   | HP: 4/119 [elephant (3)]
 17637 | Lair:4   | Reached skill level 17 in Fighting
 17998 | Lair:3   | Identified the +4 scythe of Jifihe {flame, Will++}
 18063 | Lair:3   | Found a staircase to the Snake Pit.
 18482 | Lair:3   | Reached ****** piety under Okawaru
 18749 | Lair:3   | Identified the +0 chain mail "Zosot" {Str+4 Dex+2} (Okawaru
                  | gifted it to you on level 3 of the Lair of Beasts)
 18749 | Lair:3   | Received a gift from Okawaru
 18873 | Lair:3   | Reached skill level 18 in Fighting
 19036 | Lair:3   | Found a runed translucent gate.
 19036 | Lair:3   | Found a runed translucent gate.
 19037 | Lair:3   | Found a runed translucent gate.
 19054 | Lair:3   | Noticed Asuyte's ghost (journeyman VSVM)
 19057 | Lair:3   | Found a viscous altar of Jiyva.
 19230 | Lair:3   | Killed Asuyte's ghost
 19239 | Lair:3   | Identified the +8 mace "Ulaagoon" {pain, *Corrode rPois
                  | rF+++ Int-5}
 21068 | Lair:5   | Reached XP level 14. HP: 80/131 MP: 9/17
 21264 | Lair:5   | Got the Compendium of Flames
 21922 | Lair:6   | Reached skill level 19 in Fighting
 22690 | Lair:6   | Received a gift from Okawaru
 22854 | Lair:6   | Reached skill level 20 in Fighting
 22868 | Lair:6   | Reached skill level 10 in Axes
 23809 | Lair:6   | Reached skill level 10 in Shields
 24436 | Lair:6   | Found a staircase to the Slime Pits.
 24603 | Lair:6   | Received a gift from Okawaru
 24721 | Lair:6   | Got the Grimoire of Lightness and Malediction
 25656 | D:11     | Found a staircase to the Orcish Mines.
 25749 | D:11     | Reached XP level 15. HP: 141/141 MP: 19/19
 26136 | D:11     | Noticed Snorg
 26158 | D:11     | Killed Snorg
 26819 | D:12     | Identified the +9 short sword "Conar" {pain, rElec rPois
                  | rC+ SInv} (Okawaru gifted it to you on level 12 of the
                  | Dungeon)
 26819 | D:12     | Received a gift from Okawaru
 26992 | D:12     | Got the Papyrus of Creative Weightlessness
 27247 | D:12     | Identified the +4 war axe "Vuavaim" {drain, Dex+6}
 27490 | D:12     | Found a shimmering blue altar of Sif Muna.
 27542 | D:13     | Noticed Rupert
 27542 | D:13     | Found a gate to the Vaults.
 27544 | D:13     | Paralysed by Rupert for 6 turns
 27577 | D:12     | Killed Rupert
 27860 | D:13     | Noticed Erolcha
 27877 | D:13     | Killed Erolcha
 28129 | D:13     | Received a gift from Okawaru
 28284 | D:13     | Noticed Nessos
 28329 | D:13     | Killed Nessos
 28339 | D:13     | HP: 5/141 [orc knight/bolt (15)]
 28688 | D:13     | Identified a scroll of acquirement
 28688 | D:13     | Acquired 565 gold pieces
 30611 | D:14     | Received a gift from Okawaru
 31371 | D:14     | Reached XP level 16. HP: 139/148 MP: 18/20
 31468 | D:15     | Entered Level 15 of the Dungeon
 31782 | D:15     | Noticed Agnes
 31806 | D:15     | Killed Agnes
 32164 | D:15     | Cast into level 3 of the Abyss (a wizard)
 32170 | D:15     | Escaped the Abyss
 32347 | D:15     | Found a staircase to the Depths.
 32393 | D:15     | Identified the +1 robe of Gaqao {*Slow rN++ rCorr} (Okawaru
                  | gifted it to you on level 15 of the Dungeon)
 32393 | D:15     | Received a gift from Okawaru
 32785 | Orc:1    | Entered Level 1 of the Orcish Mines
 32785 | Orc:1    | Found Wutitaosche's Antique Armour Emporium.
 33158 | Orc:1    | Paralysed by an orc sorcerer for 7 turns
 33169 | Orc:1    | Reached skill level 15 in Armour
 33402 | Orc:1    | Found Icueres's Magic Scroll Shoppe.
 33500 | Orc:2    | Entered Level 2 of the Orcish Mines
 33688 | Orc:2    | Found a staircase to the Elven Halls.
 34818 | Orc:2    | Paralysed by an orc sorcerer for 7 turns
 34838 | Orc:1    | HP: 4/133 [orc high priest/nerve-wracking pain (5)]
 35468 | Orc:2    | Gained mutation: You are weak. (Str -2) [a neqoxec]
 35470 | Orc:2    | Paralysed by an orc sorcerer for 7 turns
 35473 | Orc:2    | Gained mutation: You are clumsy. (Dex -2) [a neqoxec]
 35476 | Orc:2    | Gained mutation: Your body sometimes deteriorates upon
                  | taking damage. [a neqoxec]
 35482 | Orc:2    | Lost mutation: Your body sometimes deteriorates upon taking
                  | damage. [potion of mutation]
 35482 | Orc:2    | Lost mutation: You are clumsy. (Dex -2) [potion of
                  | mutation]
 35482 | Orc:2    | Lost mutation: You are weak. (Str -2) [potion of mutation]
 35482 | Orc:2    | Gained mutation: You are frail. (-10% HP) [potion of
                  | mutation]
 35482 | Orc:2    | Gained mutation: You are resistant to electric shocks.
                  | (rElec) [potion of mutation]
 35482 | Orc:2    | Gained mutation: You have very sharp teeth. [potion of
                  | mutation]
 35557 | Orc:2    | Reached skill level 15 in Shields
 35663 | Orc:2    | Found a runed translucent gate.
 35663 | Orc:2    | Found a runed translucent gate.
 35663 | Orc:2    | Found a runed translucent gate.
 35669 | Orc:2    | Noticed oldriver's ghost (journeyman DrCj)
 35670 | Orc:2    | Noticed jr88keys's ghost (journeyman MiFi)
 35717 | Orc:2    | Killed oldriver's ghost
 35736 | Orc:2    | Killed jr88keys's ghost
 36317 | Orc:2    | Found Vaovoc's Book Emporium.
 36317 | Orc:2    | Found Ireeb's Assorted Antiques.
 36317 | Orc:2    | Found Gempan's Antique Armour Shoppe.
 36322 | Orc:2    | Found Rekom's Book Emporium.
 36500 | Orc:1    | Bought a glowing crystal plate armour for 2407 gold pieces
 37427 | Shoals:1 | Received a gift from Okawaru
 38167 | Shoals:1 | Reached skill level 21 in Fighting
 38183 | Shoals:1 | Reached XP level 17. HP: 134/142 MP: 19/21
 39272 | Shoals:2 | Noticed Frances
 39284 | Shoals:2 | Killed Frances
 39285 | Shoals:2 | Reached skill level 22 in Fighting
 39410 | Shoals:2 | Found Paethuu's Assorted Antiques.
 39413 | Shoals:2 | Bought a pair of pitted gloves for 370 gold pieces
 39413 | Shoals:2 | Identified the +0 pair of gloves "Webuj" {rPois rN+ Str+2
                  | Dex+3} (You bought it in a shop on level 2 of the Shoals)
 40282 | Shoals:3 | Identified the +5 kite shield of Montaph {+Inv rF+ rN+++
                  | Dex-3} (Okawaru gifted it to you on level 3 of the Shoals)
 40282 | Shoals:3 | Received a gift from Okawaru
 40946 | Shoals:3 | Noticed a kraken
 40959 | Shoals:3 | Killed a kraken
 41145 | Shoals:4 | Entered Level 4 of the Shoals
 41484 | Shoals:4 | Found the +8 Vampire's Tooth {vamp}
 41497 | Shoals:4 | Reached skill level 1 in Evocations
 42684 | Shoals:4 | Reached skill level 10 in Dodging
 43355 | Shoals:4 | Noticed Polyphemus
 43396 | Shoals:4 | Killed Polyphemus
 43396 | Shoals:4 | Identified the +4 hand axe of Terra Cotta {vorpal, Fly
                  | Stlth+} (Okawaru gifted it to you on level 4 of the Shoals)
 43396 | Shoals:4 | Received a gift from Okawaru
 43784 | Shoals:4 | Identified the amulet "Morul" {Spirit Regen+ Int+3}
 44059 | Shoals:4 | Reached XP level 18. HP: 126/153 MP: 17/22
 44215 | Shoals:4 | Got a barnacled rune of Zot
 44527 | Snake:1  | Entered Level 1 of the Snake Pit
 44534 | Snake:1  | Reached skill level 23 in Fighting
 45031 | Snake:1  | Received a gift from Okawaru
 45411 | Snake:2  | Received a gift from Okawaru
 45589 | Snake:2  | Reached skill level 24 in Fighting
 45836 | Snake:2  | Reached skill level 5 in Evocations
 46028 | Snake:2  | Found Qijeum's Weapon Boutique.
 46028 | Snake:2  | Found Kuamirup's Antique Weapon Shop.
 46368 | Snake:2  | Received a gift from Okawaru
 46369 | Snake:2  | Reached skill level 1 in Spellcasting
 47046 | Snake:3  | Noticed Azrael
 47058 | Snake:3  | Killed Azrael
 47659 | Snake:4  | Entered Level 4 of the Snake Pit
 47685 | Snake:4  | Reached XP level 19. HP: 148/162 MP: 20/23
 48157 | Snake:4  | Received a gift from Okawaru
 48291 | Snake:4  | Noticed Saint Roka
 48420 | Snake:4  | Killed Saint Roka
 48789 | Snake:4  | Acquired a +2 double sword of holy wrath
 48997 | Snake:4  | Found the +5 sword of Power {vorpal}
 49076 | Snake:4  | Reached skill level 25 in Fighting
 49284 | Snake:4  | Received a gift from Okawaru
 49552 | Snake:4  | Got a serpentine rune of Zot
 49929 | Vaults:1 | Entered Level 1 of the Vaults
 50431 | Vaults:1 | Reached skill level 26 in Fighting
 50686 | Vaults:1 | Noticed an ancient lich
 50771 | Vaults:1 | Killed from afar by an ancient lich

Illustrated notes

Levels and vault maps discovered:
D:1:      scummos_arrival_star, layout_loops_ring, basic_ecumenical_altar,
          minmay_misc_feat_x
D:2:      layout_loops_ring, minmay_rat_gold_closets
D:3:      layout_basic, amcnicky_altar_gilded, minmay_tree_intersection,
          uniq_jessica
D:4:      layout_loops_cross, gammafunk_ghost_cemetery, fountainhead,
          st_stairs_4
D:5:      minmay_chambers_of_threes, layout_loops_corners
D:6:      layout_cave_pools, temple_green, serial_shops, nicolae_shop_crystal,
          uniq_edmund, uniq_blork_the_orc
D:7:      layout_gridville, kennysheep_slug_shrine,
          lemuel_mausoleum_altar_kikubaaqudgha
D:8:      layout_basic, makhleb_blood_cavern_becter
D:9:      layout_stronghold, gammafunk_temple_overflow_statue, uniq_erica,
          uniq_maurice
D:10:     layout_irregular_city, grunt_lair_entry_orc_guard_hut, uniq_grum
D:11:     layout_irregular_city, david_orc_2, hangedman_decor_push,
          grunt_decor_clamped, uniq_snorg
D:12:     layout_basic, lemuel_blue_sif_altar
D:13:     minmay_ornate_pinched, layout_basic, david_vaults_3, uniq_nessos,
          uniq_erolcha
D:14:     layout_layer_cave, nicolae_elevator_lobby_asterisk
D:15:     hangedman_depths_entry_try_elsewhere_first, layout_basic,
          hangedman_decor_points, uniq_agnes
Temple:   eino_temple_rhombus
Lair:1:   layout_hall_layers, grunt_megastairs_3
Lair:2:   layout_long_grid, minmay_shoals_entry_centaurs, roderic_batcave,
          grunt_megastairs_2, uniq_sonja
Lair:3:   wad_woods_structure_01, layout_cave_pods, dummy_snake_entry,
          gammafunk_ghost_ooze, serial_forest, infiniplex_forest_lined_1,
          infiniplex_forest_lined_1, infiniplex_forest_straight_4,
          infiniplex_forest_lined_4_way, infiniplex_forest_zigzag_1,
          infiniplex_forest_clump_cross, st_stairs_7
Lair:4:   cheibrodos_magma_flow, layout_regular_city, kennysheep_rathole,
          uniq_rupert
Lair:5:   layout_roguey, chequers_serial_rivers_room_a,
          infiniplex_staircase_pool_2, lemuel_fruit_tree
Lair:6:   minmay_lair_end_frog_pond, layout_regular_city,
          dpeg_slime_entry_corner, bobbens_dragon_lair_wall, lemuel_fruit_fields
Shoals:1: layout_shoals, nicolae_shoals_lost_giant_pillars
Shoals:2: layout_shoals, serial_shops, nicolae_shop_behind_doors, uniq_frances
Shoals:3: layout_shoals
Shoals:4: shoals_end_simple, layout_shoals, uniq_polyphemus
Snake:1:  layout_cave_shapes
Snake:2:  layout_grid_shapes, minmay_shoptagon
Snake:3:  layout_cave_town, nicolae_snake_salamander_fort, uniq_azrael
Snake:4:  snake_pit, layout_gridlike, uniq_saint_roka
Orc:1:    layout_diamond_mine, serial_shops, nicolae_shop_advertising_works
          [nicolae_subvault_shop_adworks], nicolae_square_shop
Orc:2:    st_orc_mages, layout_caves, gammafunk_ghost_cemetery,
          minmay_orc_barracks
Vaults:1: gammafunk_ghost_crypt, nicolae_vaults_network_periphery, v_misc_18,
          hangedman_vaults_slice, nicolae_vaults_puzzle_piece, v_misc_3,
          dpeg_vaults_pockets_of_resistance, ontoclasm_vaults_ligature,
          hangedman_vaults_maws, ontoclasm_vaults_decontamination,
          ontoclasm_vaults_pinch, layout_vaults_maze, serial_shops, shop

Skill      XL: |  1  2  3  4  5  6  7  8  9 10 11 12 13 14 15 16 17 18 19 |
---------------+----------------------------------------------------------+-----
Fighting       | 4 5 6 8 10 12 14 15 18 20 21 22 24 26 | 26.2
Armour         | 4 5 6 8 9 10 11 12 14 15 16 18 | 18.0
Long Blades    | 3 4 5 |  5.3
Dodging        | 1 2 3 4 5 8 10 12 | 12.0
Stealth        | 1 2 |  2.0
Shields        | 4 7 8 9 10 13 15 | 15.0
Maces & Flails | 2 |  2.1
Axes           | 3 5 6 7 9 11 12 13 | 13.9
Invocations    | 3 4 5 6 |  6.0
Evocations     | 4 6 |  6.0
Spellcasting   | 2 |  2.0

Action                   |  1- 3 |  4- 6 |  7- 9 | 10-12 | 13-15 | 16-18 | 19-21 || total
-------------------------+-------+-------+-------+-------+-------+-------+-------++-------
Melee: Long sword        |   154 |   189 |    29 |       |       |       |       ||   372
       Hand axe          |       |       |   284 |   588 |  1540 |  2053 |   754 ||  5219
       Scimitar          |       |       |       |       |    56 |       |       ||    56
       Bite              |       |       |       |       |       |   338 |   168 ||   506
Invok: Heroism           |       |       |       |     5 |     2 |     2 |     1 ||    10
       Finesse           |       |       |       |     1 |     1 |     3 |     1 ||     6
 Abil: Hop               |     1 |     1 |     1 |     5 |     3 |     5 |     1 ||    17
  Use: Scroll            |       |     6 |     2 |     5 |    13 |     4 |     3 ||    33
       Potion            |       |       |       |       |     5 |     6 |     1 ||    12
 Stab: Petrified         |       |       |       |       |     1 |     2 |       ||     3
       Petrifying        |       |       |       |       |       |     1 |       ||     1
Armor: Scale mail        |    59 |    40 |       |       |       |       |       ||    99
       Chain mail        |       |    33 |       |       |       |       |       ||    33
       Plate armour      |       |       |   175 |   345 |   685 |   196 |       ||  1401
       Crystal plate arm |       |       |       |       |       |   678 |   236 ||   914
Dodge: Dodged            |    66 |    73 |    90 |   205 |   397 |   485 |   156 ||  1472
Block: Buckler           |    34 |    31 |    67 |    67 |       |       |       ||   199
       Kite shield       |       |       |       |   186 |   723 |  1362 |   513 ||  2784

Table legend: (Time is in decaauts)
 A = Elapsed time spent in this place.
 B = Non-inter-level travel time spent in this place.
 C = Inter-level travel time spent in this place.
 D = Time resting spent in this place.
 E = Time spent auto-exploring this place.
 F = Levels seen in this place.
 G = Mean time per level.
                   A        B        C        D        E       F      G
               +--------+--------+--------+--------+--------+-----+--------+
         Total |  54211 |  51622 |   2589 |  12422 |  25159 |  34 | 1594.4 |
       Dungeon |  22907 |  21990 |    917 |   4421 |  13537 |  15 | 1527.1 |
        Temple |     25 |     15 |     10 |      0 |      0 |   1 |   25.0 |
          Lair |  13335 |  12480 |    855 |   3917 |   5662 |   6 | 2222.5 |
        Shoals |   8123 |   7746 |    377 |   2049 |   3103 |   4 | 2030.8 |
     Snake Pit |   5497 |   5185 |    312 |    458 |   1886 |   4 | 1374.2 |
  Orcish Mines |   3650 |   3536 |    114 |   1533 |    778 |   2 | 1825.0 |
        Vaults |    663 |    663 |      0 |     44 |    191 |   1 |  663.0 |
         Abyss |      6 |      6 |      0 |      0 |      0 |   1 |    6.0 |
               +--------+--------+--------+--------+--------+-----+--------+

Top non-repeatable levels by time:
  Lair:6: 2671 daAuts
  Lair:3: 2617 daAuts
     D:5: 2513 daAuts
  Lair:4: 2461 daAuts
Shoals:3: 2436 daAuts
Shoals:1: 2198 daAuts
    D:14: 2147 daAuts
  Lair:5: 2035 daAuts
    D:13: 2025 daAuts
Shoals:4: 1890 daAuts
   Orc:1: 1852 daAuts
  Lair:2: 1843 daAuts
 Snake:4: 1834 daAuts
     D:9: 1804 daAuts
   Orc:2: 1798 daAuts
